 Dungeon Crawl Stone Soup version 0.29-a0-330-g52719c12eb (webtiles) character file.

Game seed: 1116806968358090654

3521 kae the Arsonist (level 10, -7/65 HPs)
             Began as an Octopode Fire Elementalist on Apr 18, 2022.
             Was an Initiate of Ashenzari.
             Shot with an arrow by a centaur (11 damage)
             ... on level 8 of the Dungeon.
             The game lasted 00:07:03 (11924 turns).

kae the Arsonist (Octopode Fire Elementalist)      Turns: 11924, Time: 00:07:04

Health: -7/65      AC:  1    Str:  9    XL:     10   Next: 8%
Magic:  0/17       EV: 14    Int: 21    God:    Ashenzari [......]
Gold:   418        SH:  5    Dex: 12    Spells: 5/18 levels left

rFire   + . .      SeeInvis .   s - staff of fire
rCold   . . .      Faith    .   r - +0 buckler
rNeg    + . .      Spirit   +   (helmet restricted)
rPois   .          Reflect  .   d - amulet of guardian spirit
rElec   .          Harm     .   q - ring of positive energy
rCorr   .          Rampage  .   (no ring)
Will    .....                   (no ring)
Stlth   +++++.....              (no ring)
HPRegen 0.20/turn               (no ring)
MPRegen 0.15/turn               (no ring)
                                (no ring)
                                (no ring)

@: no status effects
A: almost no armour, amphibious, 8 rings, camouflage 1, gelatinous body 1,
nimble swimmer 1, tentacles
a: Renounce Religion, Curse Item


You were on level 8 of the Dungeon.
You worshipped Ashenzari.
Ashenzari was noncommittal.
You visited 2 branches of the dungeon, and saw 9 of its levels.
You also visited: Ossuary.

You collected 418 gold pieces.

Inventory:

Hand Weapons
 i - a +0 war axe
 m - a +1 dagger of flaming
Armour
 r - a +0 buckler (worn)
Magical Staves
 k - a staff of conjuration
 s - a staff of fire (weapon)
Jewellery
 c - an amulet of faith
 d - an amulet of guardian spirit (around mantle)
 h - a ring of ice
 q - a ring of positive energy (left tentacle)
 y - a ring of see invisible
Wands
 v - a wand of charming (6)
Scrolls
 b - a scroll of fear
 e - a scroll of enchant weapon {unknown}
 g - 4 scrolls of teleportation
 t - a scroll of fog
 x - 3 scrolls of magic mapping
Potions
 a - a potion of magic
 j - 2 potions of degeneration
 l - a potion of attraction
 n - 3 potions of might
 o - 3 potions of curing
 p - a potion of lignification
 u - a potion of heal wounds
 w - a potion of resistance
 z - a potion of ambrosia
 A - a potion of brilliance {unknown}


   Skills:
 + Level 4.6 Fighting
 + Level 5.3 Dodging
 + Level 7.6 Stealth
 + Level 4.4 Shields
 + Level 4.8 Spellcasting
 + Level 5.0 Conjurations
 * Level 8.0 Fire Magic


You had 5 spell levels left.
You knew the following spells:

 Your Spells              Type           Power      Damage    Failure   Level
a - Foxfire               Conj/Fire      100%       2x1d9     1%          1
b - Scorch                Fire           100%       2d10      1%          2
c - Conjure Flame         Conj/Fire      48%        6-21      3%          3
d - Inner Flame           Hex/Fire       32%        N/A       9%          3
e - Flame Wave            Conj/Fire      48%        2d10      10%         4

Your spell library contained the following spells:

 Spells                   Type           Power      Damage    Failure   Level
 Pain                     Necr           20%        1d5       14%         1
 Sting                    Tmut/Pois      20%        1d4       14%         1
 Gell's Gravitas          Tloc           5%         N/A       38%         3
 Lesser Beckoning         Tloc           5%         N/A       38%         3
 Teleport Other           Tloc           5%         N/A       38%         3
 Ice Form                 Ice/Tmut       5%         N/A       80%         4
 Agony                    Necr           5%         N/A       98%         5
 Excruciating Wounds      Necr           2%         N/A       98%         5
 Statue Form              Tmut/Erth      3%         N/A       100%        6


Dungeon Overview and Level Annotations

Branches:
Dungeon (8/15)             Temple (1/1) D:7         Ossuary (visited)
   Lair: D:8-11

Altars:
Ashenzari
Cheibriados
Dithmenos
Hepliaklqana
Kikubaaqudgha
Okawaru
Qazlal
Ru
Sif Muna
Uskayaw
Vehumet
Wu Jian
Xom
Yredelemnul
The Shining One

Shops:
D:7 :

Annotations:
D:5 2 runed translucent doors, Ajdolov's ghost, weakling BaDe


Innate Abilities, Weirdness & Mutations

You cannot wear most types of armour.
You are amphibious.
You can wear up to eight rings at the same time.
Your skin changes colour to match your surroundings (Stealth+).
Your rubbery body absorbs attacks. (AC +1, EV +1)
You are camouflaged when in or above water. (Stealth+)
You have tentacles for arms and can constrict up to eight enemies at once.


Message History

You feel a surge of power!
You conjure some foxfire!
The foxfire hits the centaur.
The centaur is lightly wounded.
The foxfire hits the centaur.
The centaur is moderately wounded.
The centaur shoots an arrow.
The arrow hits you!
The centaur shoots an arrow.
The arrow closely misses you.
The centaur shoots an arrow.
The arrow hits you.
The centaur shoots an arrow.
The arrow hits you!
Casting: Foxfire (safe; 1% risk of failure)
Confirm with . or Enter, or press ? or * to list all spells.
You feel a surge of power!
You conjure some foxfire!
The foxfire hits the centaur!
The centaur is severely wounded.
The foxfire hits the centaur.
The centaur is almost dead.
The centaur shoots an arrow.
You block the arrow.
The centaur shoots an arrow.
The arrow hits you!
The centaur shoots an arrow.
The arrow hits you!
Casting: Foxfire (safe; 1% risk of failure)
Confirm with . or Enter, or press ? or * to list all spells.
You feel a surge of power!
You conjure some foxfire!
The foxfire hits the centaur.
The centaur is lightly wounded.
The foxfire hits the centaur!
You kill the centaur!
The centaur shoots an arrow.
The arrow hits you.
The centaur shoots an arrow.
The arrow hits you!
* * * LOW HITPOINT WARNING * * *
Your Conjurations skill increases to level 5!
Your Fire Magic skill increases to level 8!
The centaur shoots an arrow.
The arrow completely misses you.
Casting: Foxfire (safe; 1% risk of failure)
Confirm with . or Enter, or press ? or * to list all spells.
You feel a surge of power!
You conjure some foxfire!
The foxfire hits the centaur.
The centaur is lightly wounded.
The centaur shoots an arrow.
The arrow hits you!
* * * LOW HITPOINT WARNING * * *
The centaur shoots an arrow.
The arrow hits you!
You die...

.................≈≈≈≈≈≈≈.
...............≈≈≈≈≈≈≈≈≈.
..............≈≈≈≈≈≈≈≈≈..
..............≈≈≈≈≈≈≈≈≈..
.........§...≈≈≈≈≈≈≈≈≈≈c.
..........§§§≈≈≈≈≈≈≈≈≈≈c.
.....#######.§§≈≈≈≈≈≈≈≈≈.
..#### ##≈≈v≈≈≈≈≈§≈≈≈ ###
##≈≈@≈≈§§≈≈≈≈ .##
###.v§≈≈≈≈≈≈ ..#
##....≈≈≈≈ ..# #.....≈≈≈
...# #.#...... ...#
####..... ....# #....
....# #... ....# ...


You could see 2 centaurs.

Vanquished Creatures
  An unseen horror (D:6)
  Prince Ribbit (D:7)
  Menkaure (Ossuary)
  2 water moccasins
  3 black bears
  2 ice beasts (D:6)
  A sky beast (D:5)
  An orc warrior (D:8)
  2 ogres
  6 centaurs
  2 phantoms (D:5)
  A kobold brigand (D:7)
  3 bullfrogs
  A gnoll sergeant (D:7)
  3 scorpions
  4 orc priests (D:5)
  7 hounds
  3 iguanas
  3 orc wizards
  3 mummies (Ossuary)
  7 gnolls
  7 adders
  A shadow imp (D:5)
  3 ufetubi
  A worm (D:4)
  2 dart slugs
  25 orcs
  8 ball pythons
  3 bats
  5 endoplasms
  4 giant cockroaches
  4 gnoll zombies (Ossuary)
  9 goblins
  7 hobgoblins
  2 jackals (D:3)
  3 quokkas
  A frilled lizard (D:2)
  2 gnoll skeletons (Ossuary)
  5 goblin skeletons (Ossuary)
  5 goblin zombies (Ossuary)
  5 hobgoblin skeletons (Ossuary)
  4 hobgoblin zombies (Ossuary)
  7 kobolds
  6 kobold skeletons (Ossuary)
  4 kobold zombies (Ossuary)
  4 orc skeletons (Ossuary)
  4 orc zombies (Ossuary)
  5 rats
  3 rat skeletons (Ossuary)
  4 rat zombies (Ossuary)
200 creatures vanquished.

Vanquished Creatures (others)
  583 foxfires
583 creatures vanquished.

Grand Total: 783 creatures vanquished

Notes
Turn   | Place    | Note
-------+----------+-------------------------------------------
     0 | D:1      | kae the Octopode Fire Elementalist began the quest for the
                  | Orb.
     0 | D:1      | Reached XP level 1. HP: 11/11 MP: 3/3
   419 | D:1      | Reached XP level 2. HP: 11/17 MP: 0/5
   557 | D:1      | Learned a level 2 spell: Scorch
  1054 | D:1      | Found a faded altar of an unknown god.
  1530 | D:1      | You fall into a shaft and drop 1 floor!
  1548 | D:2      | Reached XP level 3. HP: 22/22 MP: 3/6
  1628 | D:2      | Found a hide-covered altar of Uskayaw.
  1665 | D:2      | Got the Collected Works on Mutagenic Intoxication
  2878 | D:3      | Learned a level 3 spell: Conjure Flame
  2925 | D:3      | Reached XP level 4. HP: 27/27 MP: 5/7
  3036 | D:3      | Reached skill level 1 in Fighting
  3444 | D:4      | Reached skill level 4 in Fire Magic
  3507 | D:4      | Noticed an ogre
  3516 | D:4      | Killed an ogre
  3517 | D:4      | Reached XP level 5. HP: 33/33 MP: 1/8
  3627 | D:4      | Reached skill level 1 in Shields
  3627 | D:4      | Reached XP level 6. HP: 25/38 MP: 0/9
  3952 | D:4      | Found a sand-covered staircase.
  3978 | Ossuary  | Entered an ossuary
  4613 | Ossuary  | Noticed Menkaure
  4623 | Ossuary  | Killed Menkaure
  4624 | Ossuary  | Reached XP level 7. HP: 15/45 MP: 2/11
  5027 | D:4      | Reached skill level 5 in Fire Magic
  6062 | D:5      | Entered Level 5 of the Dungeon
  6085 | D:5      | Reached skill level 5 in Stealth
  6134 | D:5      | Found a stormy altar of Qazlal.
  6140 | D:5      | Reached XP level 8. HP: 51/51 MP: 6/12
  6818 | D:5      | Reached skill level 6 in Fire Magic
  7491 | D:5      | Found a large runed translucent door.
  7539 | D:5      | Found a large runed translucent door.
  7542 | D:5      | Noticed Ajdolov's ghost (weakling BaDe)
  7722 | D:6      | Found a radiant altar of Vehumet.
  8000 | D:6      | Reached XP level 9. HP: 57/57 MP: 9/15
  8004 | D:6      | Learned a level 3 spell: Inner Flame
  8009 | D:6      | Learned a level 4 spell: Flame Wave
  8152 | D:6      | Killed an unseen horror
  8153 | D:6      | Reached skill level 7 in Fire Magic
  8417 | D:6      | Found a hazy altar of Hepliaklqana.
  9044 | D:7      | Found Unous's Book Shoppe.
  9123 | D:7      | Noticed Prince Ribbit
  9134 | D:7      | Killed Prince Ribbit
  9562 | D:7      | Found a staircase to the Ecumenical Temple.
  9595 | Temple   | Entered the Ecumenical Temple
  9701 | Temple   | Became a worshipper of Ashenzari the Shackled
  9734 | D:7      | Reached skill level 5 in Dodging
 10646 | D:8      | Reached XP level 10. HP: 52/65 MP: 0/17
 11923 | D:8      | Reached skill level 5 in Conjurations
 11923 | D:8      | Reached skill level 8 in Fire Magic
 11924 | D:8      | Shot with an arrow by a centaur

Illustrated notes

Levels and vault maps discovered:
D:1:      nicolae_arrival_somewhat_less_tricky_arrival, layout_basic,
          shapermc_ecumenical_altar_notcrosses, feat_on_display
D:2:      layout_basic, basic_altar
D:3:      layout_basic
D:4:      layout_basic, chequers_ossuary_entry_cave,
          chequers_serial_rivers_micro_a, minmay_fractal_squares_diagonal_5
D:5:      layout_cave_pools, mainiacjoe_overflow_six_doors_small,
          ebering_ghost_disaster_area, nicolae_concentric_dashed_squares_mild,
          minmay_misc_feat_encased, nicolae_elevator_lobby_asterisk
D:6:      layout_gridville, mainiacjoe_overflow_catch_the_wave
D:7:      hellmonk_ruined_rings, layout_loops_ring, minmay_temple_entry_wispy,
          serial_shops, nicolae_inconvenience_store, item_on_display_a,
          uniq_prince_ribbit1
D:8:      layout_cave_pods, centaur_isle, uniq_erica
Temple:   minmay_temple_bridge_abc

Skill      XL: |  1  2  3  4  5  6  7  8  9 10 |
---------------+-------------------------------+-----
Stealth        | 3 4 5 6 7 |  7.6
Fighting       | 1 2 3 4 |  4.6
Fire Magic     | 4 5 6 7 8 |  8.0
Conjurations   | 2 3 4 5 |  5.0
Shields        | 1 2 3 4 |  4.4
Dodging        | 3 4 5 |  5.3
Spellcasting   | 3 4 |  4.8

Action                   |  1- 3 |  4- 6 |  7- 9 | 10-12 || total
-------------------------+-------+-------+-------+-------++-------
Melee: Unarmed           |     9 |       |       |       ||     9
       Tentacles         |     6 |    37 |     9 |       ||    52
       Constrict         |     5 |    54 |     7 |       ||    66
       War axe           |     5 |       |       |       ||     5
       Staff             |     9 |   124 |    28 |       ||   161
       Punch             |       |     5 |     2 |       ||     7
 Cast: Foxfire           |    89 |    45 |   165 |    31 ||   330
       Scorch            |     2 |     7 |    50 |       ||    59
Evoke: Wand              |       |     3 |       |       ||     3
  Use: Scroll            |     6 |     2 |    13 |       ||    21
       Potion            |       |       |    11 |       ||    11
 Stab: Sleeping          |     1 |     7 |       |       ||     8
       Distracted        |       |     1 |       |       ||     1
Armor: Skin              |     2 |     7 |     6 |       ||    15
Dodge: Dodged            |    21 |    69 |    79 |    30 ||   199
Block: Buckler           |       |    14 |    28 |    14 ||    56

Table legend: (Time is in decaauts)
 A = Elapsed time spent in this place.
 B = Non-inter-level travel time spent in this place.
 C = Inter-level travel time spent in this place.
 D = Time resting spent in this place.
 E = Time spent auto-exploring this place.
 F = Levels seen in this place.
 G = Mean time per level.
                   A        B        C        D        E       F      G
               +--------+--------+--------+--------+--------+-----+--------+
         Total |  11949 |  11674 |    275 |   1492 |   8505 |  10 | 1194.9 |
       Dungeon |  10899 |  10651 |    248 |   1396 |   7891 |   8 | 1362.4 |
        Temple |    127 |    100 |     27 |      0 |     87 |   1 |  127.0 |
       Ossuary |    921 |    921 |      0 |     96 |    527 |   1 |  921.0 |
               +--------+--------+--------+--------+--------+-----+--------+

Top non-repeatable levels by time:
     D:4: 1855 daAuts
     D:5: 1810 daAuts
     D:7: 1583 daAuts
     D:1: 1532 daAuts
     D:8: 1328 daAuts
     D:3: 1002 daAuts
 Ossuary: 921 daAuts
     D:6: 896 daAuts
     D:2: 890 daAuts
  Temple: 127 daAuts
